 Dungeon Crawl Stone Soup version 0.31-a0-1147-g46bab52692 (webtiles) character file.

Game seed: 4740612746527680861

151 Malachi the Sneak (level 5, 25/25 HPs)
             Began as a Felid Shapeshifter on Dec 7, 2023.
             Was a Believer of Lugonu.
             Got out of the dungeon alive.
             The game lasted 00:03:36 (2636 turns).

Malachi the Sneak (Felid Shapeshifter)              Turns: 2636, Time: 00:03:37

Health: 25/25      AC:  1    Str: 10    XL:     5   Next: 10%
Magic:  6/6        EV: 17    Int: 13    God:    Lugonu [**....]
Gold:   87         SH:  0    Dex: 18    Spells: 4/4 levels left
                                        Lives:  0   Deaths: 2

rFire   . .          .
                       - Unarmed
rCold   . . .        (shield unavailable)
rNeg    . . .        (body armour unavailable)
rPois   .            (helmet unavailable)
rElec   .            (cloak unavailable)
rCorr   .            (gloves unavailable)
SInv    +            (boots unavailable)
Will    .....        (no amulet)
Stlth   +++          (no ring)
HPRegen 0.24/turn    (no ring)
MPRegen 0.10/turn

%: no passive effects
@: beast-form
A: beast (slay +1), very small, claws 1, fangs 3, see invisible, shaggy fur 1,
stealthy paws, no weapons or thrown items, no armour, multi-lived
a: Begin Untransformation, Renounce Religion, Depart the Abyss, Banish


You escaped.
You worshipped Lugonu.
Lugonu was pleased with you.
You were a hulking beast.
You visited 1 branch of the dungeon, and saw 6 of its levels.

You collected 87 gold pieces.

Inventory:

Jewellery
 p - a ring of magical power
Talismans
 b - a beast talisman
 c - a flux talisman
Scrolls
 d - a scroll of butterflies
 e - 3 scrolls of identify
 h - a scroll of teleportation
 i - a scroll of fog
 l - 2 scrolls of enchant weapon
 q - a scroll of torment {unknown}
Potions
 a - a potion of lignification
 f - a potion of haste {unknown}
 g - a potion of mutation {unknown}
 j - a potion of degeneration {unknown}
 k - a potion of curing {unknown}
 m - a potion of enlightenment {unknown}
 n - a potion of attraction {unknown}
 o - a potion of berserk rage {unknown}


   Skills:
 - Level 1.0 Fighting
 - Level 2.6 Dodging
 + Level 4.8 Stealth
 + Level 4.6 Unarmed Combat
 - Level 2.6 Shapeshifting


You had 4 spell levels left.
You didn't know any spells.
Your spell library contained the following spells:

 Spells                   Type           Power      Damage    Failure   Level
 Anguish                  Hex/Necr       0%         N/A       97%         4
 Cause Fear               Hex            0%         N/A       97%         4
 Fireball                 Conj/Fire      0%         3d3       100%        5
 Enfeeble                 Hex            0%         N/A       100%        7
 Dragon's Call            Summ           0%         N/A       100%        9


Dungeon Overview and Level Annotations

Branches:
Dungeon (6/15)
 Temple: D:4-7

Altars:
Fedhas
Lugonu

Shops:
D:1 =   D:4 (

Annotations:
D:3 Robin


Innate Abilities, Weirdness & Mutations

You are a hulking beast.
Your limbs bulge with bestial killing power. (Slay +1)
You have sharp claws.
You have razor-sharp teeth.
You have supernaturally acute eyesight. (SInv)
You are covered in fur. (AC +1)
Your paws help you pounce on unaware monsters.
You are incapable of wielding weapons or throwing items.
You cannot wear armour.
You gain extra lives every three experience levels.


Message History

The adder completely misses you. The goblin barely misses you.
You barely miss the adder.
The adder is severely wounded.
The adder barely misses you. Robin throws the goblin at you!
The goblin misses you. The goblin hits you with a +0 dagger.
* * * LOW HITPOINT WARNING * * *
The adder misses you.
You are too injured to fight recklessly!
You are too injured to fight recklessly!
You are too injured to fight recklessly!
You are too injured to fight recklessly!
You closely miss the goblin. The adder misses you.
The goblin closely misses you. The goblin hits you with a +0 dagger.
* * * LOW HITPOINT WARNING * * *
You scratch the goblin.
You kill the goblin!
Lugonu accepts your kill. The adder bites you.
* * * LOW HITPOINT WARNING * * *
Robin throws the goblin at you!
You die...
Your shape twists and changes as you die.
The goblin barely misses you. The goblin closely misses you.
You rejoin the land of the living...
Unknown command.
Unknown command.
Unknown command.
You hear the quick rusting of a drain nearby.
There is a stone staircase leading up here.
You climb upwards.
There is a stone staircase leading down here.
Unknown command.
There is a stone staircase leading up here.
You climb upwards.
There is a stone staircase leading down here.
Unknown command.
There is an open door here.
There is a staircase leading out of the dungeon here.
Alright, then stay!
You have escaped!

.#
#P.PP♣..♣P.PP..P#........
.#
#PP.PP.P.PPPP...#.#######
.# #...♣P...P♣..P.P#.#
.########P..♣PP♣PPP..PP.#.#
## ........#
♣..PPPP♣.♣PP.♣#.# #.
#######.# ♣.P.P.♣PPP..P#.#
#. #.#################(# #.
#...................# #.
#....##...h...##....# #.
##..................# #.
##################.######.
#.............
#.####.####### #.# #.# #.#
#.# #.####.# #......#


There were no monsters in sight!

Vanquished Creatures
  A hound (D:4)
  Jessica (D:2)
  3 adders
  A worm (D:3)
  2 orcs (D:4)
  2 ball pythons (D:2)
  4 endoplasms
  4 giant cockroaches
  17 goblins
  7 jackals
  A quokka (D:1)
  4 bats
  A frilled lizard (D:3)
  5 kobolds
  9 rats
62 creatures vanquished.

Notes
Turn   | Place    | Note
-------+----------+-------------------------------------------
     0 | D:1      | Malachi the Felid Shapeshifter began the quest for the Orb.
     0 | D:1      | Reached XP level 1. HP: 10/10 MP: 2/2
   132 | D:1      | Reached skill level 1 in Stealth
   220 | D:1      | Found Fisasch's One-of-a-Kind Rings.
   325 | D:1      | Reached XP level 2. HP: 14/14 MP: 3/3
   483 | D:1      | Found a faded altar of an unknown god.
   491 | D:1      | Prayed at the altar of an unknown god.
   491 | D:1      | Became a worshipper of Lugonu the Unformed
   491 | D:1      | Reached * piety under Lugonu
  1124 | D:2      | Reached XP level 3. HP: 18/18 MP: 4/4
  1589 | D:2      | Noticed Jessica
  1600 | D:2      | Killed Jessica
  1601 | D:2      | Reached XP level 4. HP: 22/22 MP: 5/5
  1912 | D:2      | Reached ** piety under Lugonu
  2076 | D:3      | You fall into a shaft and drop 3 floors!
  2082 | D:6      | Noticed a phantom
  2113 | D:5      | Entered Level 5 of the Dungeon
  2152 | D:4      | HP: 1/22 [poisoned by an adder]
  2153 | D:4      | Succumbed to an adder's poison
  2199 | D:4      | Found Penosugy's Weapon Shop.
  2418 | D:3      | Reached XP level 5. HP: 10/25 MP: 6/6
  2534 | D:3      | Found a blossoming altar of Fedhas.
  2553 | D:3      | Noticed Robin
  2573 | D:3      | HP: 1/25 [adder (3)]
  2573 | D:3      | Hit by a goblin thrown by Robin
  2636 | D:$      | Got out of the dungeon alive.

Illustrated notes

Levels and vault maps discovered:
D:1:      minmay_arrival_arboretum_small, layout_basic,
          shapermc_ecumenical_altar_mp_ritualfount, nicolae_shop_unique_rings
D:2:      layout_basic, uniq_jessica
D:3:      layout_rooms, lemuel_crystal_altar, gup_sewer_entry_glass,
          chequers_serial_rivers_marsh, uniq_robin
D:4:      layout_basic, minmay_temple_entry_drinking_statues, serial_shops,
          nicolae_shop_bloodbath_and_beyond, grunt_decor_one_mirror,
          uniq_grinder
D:5:      layout_rooms
D:6:      layout_layer_cave, skrybe_limestone_x, uniq_sigmund, uniq_pikel

Skill      XL: |  1  2  3  4 |
---------------+-------------+-----
Stealth        | 1 2 3 4 |  4.8
Unarmed Combat | 4 |  4.6
Fighting       | |  1.0
Dodging        | |  2.6
Shapeshifting  | |  2.6

Action                     |  1- 3 |  4- 6 || total
---------------------------+-------+-------++-------
  Melee: Unarmed           |    77 |    68 ||   145
         Bite              |     6 |     7 ||    13
         Punch             |     3 |       ||     3
    Use: Scroll            |       |     6 ||     6
         Potion            |       |     2 ||     2
   Stab: Sleeping          |     4 |     4 ||     8
 Armour: Skin              |    14 |    29 ||    43
  Dodge: Dodged            |    53 |    68 ||   121

Table legend: (Time is in decaauts)
 A = Elapsed time spent in this place.
 B = Non-inter-level travel time spent in this place.
 C = Inter-level travel time spent in this place.
 D = Time resting spent in this place.
 E = Time spent auto-exploring this place.
 F = Levels seen in this place.
 G = Mean time per level.
                   A        B        C        D        E       F      G
               +--------+--------+--------+--------+--------+-----+--------+
         Total |   2625 |   2495 |    130 |    190 |   1827 |   6 |  437.5 |
       Dungeon |   2625 |   2495 |    130 |    190 |   1827 |   6 |  437.5 |
               +--------+--------+--------+--------+--------+-----+--------+

Top non-repeatable levels by time:
     D:2: 1102 daAuts
     D:1: 979 daAuts
     D:4: 242 daAuts
     D:3: 240 daAuts
     D:6: 36 daAuts
     D:5: 23 daAuts
